 Dungeon Crawl Stone Soup version 0.29-a0-822-ga620ab95ad (webtiles) character file.

Game seed: 6752428334704272948

277 DeathSun the Cudgeller (level 6, 0/47 HPs)
             Began as a Demonspawn Fighter on July 8, 2022.
             Was a Priest of Lugonu.
             Killed by divine providence
             ... invoked by an orc priest
              (16 damage)
             ... on level 4 of the Dungeon on Aug 1, 2022.
             The game lasted 00:10:12 (4312 turns).

DeathSun the Cudgeller (Demonspawn Fighter)         Turns: 4312, Time: 00:10:12

Health: 0/47       AC:  6    Str: 19    XL:     6   Next: 4%
Magic:  8/8        EV: 13    Int:  9    God:    Lugonu [***...]
Gold:   120        SH:  0    Dex: 12    Spells: 5/5 levels left

rFire   . . .      SeeInvis .   a - +0 flail
rCold   . . .      Faith    .   c - +0 buckler
rNeg    . . .      Spirit   .   b - +0 scale mail
rPois   .          Reflect  .   (no helmet)
rElec   .          Harm     .   (no cloak)
rCorr   .          Rampage  .   (no gloves)
Will    .....                   (no boots)
Stlth   ..........              (no amulet)
HPRegen 0.15/turn               s - +4 ring of evasion
MPRegen 0.11/turn               (no ring)

@: confused
A: foul stench 1, condensation shield, weakness stinger 2
a: Renounce Religion, Depart the Abyss, Bend Space, Banish


You were on level 4 of the Dungeon.
You worshipped Lugonu.
Lugonu was most pleased with you.
You visited 1 branch of the dungeon, and saw 4 of its levels.

You collected 175 gold pieces.
You spent 55 gold pieces at shops.

Inventory:

Hand Weapons
 a - a +0 flail (weapon)
Missiles
 m - 2 throwing nets (quivered)
Armour
 b - a +0 scale mail (worn)
 c - a +0 buckler (worn)
Jewellery
 s - a +4 ring of evasion (left hand)
Scrolls
 e - 2 scrolls of amnesia {unknown}
 f - a scroll of immolation {unknown}
 g - a scroll of torment {unknown}
 h - a scroll of blinking {unknown}
 j - 3 scrolls of identify {unknown}
 l - a scroll of enchant armour {unknown}
 p - a scroll of brand weapon {unknown}
 q - a scroll of poison {unknown}
 r - a scroll of vulnerability {unknown}
 t - 2 scrolls of teleportation {unknown}
Potions
 d - a potion of cancellation {unknown}
 i - 2 potions of heal wounds
 k - a potion of lignification {unknown}
 n - a potion of resistance {unknown}
 o - a potion of curing {unknown}
 u - a potion of invisibility {unknown}


   Skills:
 - Level 3.0 Fighting
 + Level 5.2 Maces & Flails
 - Level 2.6 Armour
 - Level 2.6 Shields
 - Level 3.4 Invocations


You had 5 spell levels left.
You didn't know any spells.
Your spell library contained the following spells:

 Spells                   Type           Power      Damage    Failure   Level
 Necrotise                Necr           0%         1d4       86%         1
 Vampiric Draining        Necr           0%         2d6       99%         3
 Agony                    Necr           0%         N/A       100%        5


Dungeon Overview and Level Annotations

Branches:
Dungeon (4/15)
 Temple: D:4-7

Altars:
Qazlal
Xom
Lugonu

Shops:
D:1 ([!

Portals:
Sewer: D:4


Innate Abilities, Weirdness & Mutations

You may rarely emit foul miasma when damaged in melee.
A meltable shield of frost defends you. (SH +4)
You have a tail ending in a sharp stinger.


Message History

The orc hits you with a +0 mace.
You hit the orc.
You kill the orc!
Lugonu accepts your kill.
Things that are here:
a +0 mace; a +0 ring mail; an orc corpse
There is a stone staircase leading down here.
You climb downwards.
You hear the sound of rushing water.
There is an entrance to a sewer on this level.
Hurry and find it before the portal rusts away!
There is a stone staircase leading up here.
An orc wizard comes into view. It is wielding a +0 dagger.
The orc wizard shouts!
The orc wizard gestures wildly while chanting.
The orc wizard flickers and vanishes!
Deactivating autopickup; reactivate with Ctrl-A.
An orc priest comes into view.
It is wielding a +0 mace and wearing a +2 scale mail of fire resistance.
The orc priest shouts!
An orc priest comes into view. It is wielding a +0 dagger.
The orc priest shouts!
You hit the orc priest.
You tail-slap the orc priest, but do no damage.
The orc priest is lightly wounded.
The orc priest hits you with a +0 mace. Something hits you.
You barely miss the orc priest.
The orc priest is lightly wounded.
The orc priest mumbles some strange prayers to Beogh against you.
Pain shoots through your body! You block something's attack.
The orc priest barely misses you.
You miss something. You block something's attack.
Something hits you but does no damage.
The orc priest calls down the wrath of Beogh upon you.
Beogh smites you!
You hear the rapid rusting of a drain very nearby.
There is a stone staircase leading up here.
You hear some strange, mumbled words.
You are confused.
The orc priest mumbles some strange prayers to Beogh against you.
Beogh smites you!
You die...

####...............#
...............#...#
.......#.....###...#
......####....#....#
.......##..........#
.........o....#....### ..
..............#......# ...
........รท...........###..#
#.#......@..........#...##
#.........##....#......#
#....##.........#.......
...... ###...............
....... #...#.##........
....... .....#.##....##..
..... .................
.....##...<..... ...#
#.##......


You could see an orc priest.

Vanquished Creatures
  An orc priest (D:3)
  An orc wizard (D:2)
  Natasha (thrice) (D:3)
  A hound zombie (D:3)
  3 adders (D:3)
  An adder skeleton (D:3)
  An adder zombie (D:3)
  A worm (D:4)
  3 dart slugs
  5 orcs (D:3)
  5 ball pythons
  8 bats
  7 endoplasms
  4 giant cockroaches
  13 goblins
  4 hobgoblins
  3 jackals (D:2)
  2 quokkas
  A ball python skeleton (D:3)
  3 frilled lizards
  7 kobolds
  A quokka skeleton (D:3)
  A quokka zombie (D:3)
  15 rats
94 creatures vanquished.

Vanquished Creatures (others)
  18 withered plants (D:3)
18 creatures vanquished.

Grand Total: 112 creatures vanquished

Notes
Turn   | Place    | Note
-------+----------+-------------------------------------------
     0 | D:1      | DeathSun the Demonspawn Fighter began the quest for the
                  | Orb.
     0 | D:1      | Reached XP level 1. HP: 18/18 MP: 1/1
    93 | D:1      | Reached skill level 2 in Maces & Flails
   324 | D:1      | Gained mutation: You have a small tail. [demonic ancestry]
   324 | D:1      | Reached XP level 2. HP: 24/24 MP: 2/2
   645 | D:1      | Reached skill level 3 in Maces & Flails
   737 | D:1      | Found Tihyon's Distillery.
   802 | D:1      | Found Jideam's Antique Weapon Shop.
   810 | D:1      | Found Diexty's Armour Emporium.
  1079 | D:2      | Reached XP level 3. HP: 29/29 MP: 3/3
  1358 | D:1      | Bought a potion of heal wounds for 55 gold pieces
  1641 | D:2      | Found a faded altar of an unknown god.
  1651 | D:2      | Prayed at the altar of an unknown god.
  1651 | D:2      | Became a worshipper of Lugonu the Unformed
  1651 | D:2      | Reached * piety under Lugonu
  1651 | D:2      | Reached ** piety under Lugonu
  1994 | D:2      | Gained mutation: You have a tail ending in a sharp stinger.
                  | [demonic ancestry]
  1994 | D:2      | Reached XP level 4. HP: 27/35 MP: 3/5
  2386 | D:3      | Reached skill level 4 in Maces & Flails
  2386 | D:3      | Gained mutation: You may rarely emit foul miasma when
                  | damaged in melee. [demonic ancestry]
  2386 | D:3      | Reached XP level 5. HP: 4/41 MP: 7/7
  3045 | D:3      | Found a shimmering altar of Xom.
  3122 | D:3      | Reached *** piety under Lugonu
  3133 | D:3      | Found a stormy altar of Qazlal.
  3217 | D:3      | Noticed Natasha
  3241 | D:3      | Killed Natasha
  3554 | D:3      | Noticed Natasha
  3564 | D:3      | Killed Natasha
  3590 | D:3      | Noticed Natasha
  3599 | D:3      | Killed Natasha
  3600 | D:3      | Reached skill level 5 in Maces & Flails
  3738 | D:3      | Found the +4 dagger "Morg" {pain, Will+ Int+5}
  3816 | D:4      | Found a glowing drain.
  4043 | D:3      | Gained mutation: A meltable shield of frost defends you.
                  | (SH +4) [demonic ancestry]
  4043 | D:3      | Reached XP level 6. HP: 14/47 MP: 8/8
  4312 | D:4      | Killed from afar by an orc priest

Illustrated notes

Levels and vault maps discovered:
D:1:      onia_arrival_pentagram, layout_basic, serial_shops,
          nicolae_shop_hallway_plus, shop, shop, serial_park_tiny_2,
          serial_bayou_pond_c, minmay_tetromino_l4
D:2:      layout_loops_ring, chequers_ecumenical_altar_simple, st_stairs_2,
          minmay_rat_gold_closets
D:3:      layout_rooms, lemuel_doored_altar, mainiacjoe_overflow_alcove_4,
          dilly_guarded_unrand_morg
D:4:      layout_cave_pools, lemuel_coloured_pillars_altar,
          portal_sewer_entry_a, uniq_crazy_yiuf_cottage

Skill      XL: |  1  2  3  4  5 |
---------------+----------------+-----
Maces & Flails | 2 3 4 5 |  5.2
Invocations    | 2 3 |  3.4
Fighting       | |  3.0
Armour         | |  2.6
Shields        | |  2.6

Action                   |  1- 3 |  4- 6 || total
-------------------------+-------+-------++-------
Melee: Flail             |   129 |   154 ||   283
       Tailslap          |    10 |    21 ||    31
Invok: Bend Space        |       |     1 ||     1
  Use: Potion            |       |     1 ||     1
Armor: Scale mail        |    54 |    62 ||   116
Dodge: Dodged            |    47 |   102 ||   149
Block: Buckler           |    33 |    49 ||    82

Table legend: (Time is in decaauts)
 A = Elapsed time spent in this place.
 B = Non-inter-level travel time spent in this place.
 C = Inter-level travel time spent in this place.
 D = Time resting spent in this place.
 E = Time spent auto-exploring this place.
 F = Levels seen in this place.
 G = Mean time per level.
                   A        B        C        D        E       F      G
               +--------+--------+--------+--------+--------+-----+--------+
         Total |   4427 |   4201 |    226 |      0 |   3286 |   4 | 1106.8 |
       Dungeon |   4427 |   4201 |    226 |      0 |   3286 |   4 | 1106.8 |
               +--------+--------+--------+--------+--------+-----+--------+

Top non-repeatable levels by time:
     D:3: 1710 daAuts
     D:2: 1359 daAuts
     D:1: 1128 daAuts
     D:4: 228 daAuts
